 Dungeon Crawl Stone Soup version 0.30.1-11-g7821555f0a (webtiles) character file.

Game seed: 1300521564777607782

2562 DoomSlayer the Chopper (level 9, -5/68 HPs)
             Began as a Human Berserker on Dec 5, 2023.
             Was an Elder of Trog.
             Slain by Grum
             ... wielding a -2 spear of freezing
              (8 damage)
             ... on level 8 of the Dungeon.
             The game lasted 00:20:44 (5488 turns).

DoomSlayer the Chopper (Human Berserker)            Turns: 5488, Time: 00:20:45

Health: -5/68      AC: 13    Str: 16 (19) XL:     9   Next: 87%
Magic:  9/9        EV: 11    Int:  9 (11) God:    Trog [****..]
Gold:   265        SH: 14    Dex: 16 (17) Spells: 8/8 levels left

rFire   + + +        d - +6 war axe
rCold   . . .        f - +0 tower shield of the Countless Wonders {rPois Will- Dex+5}
rNeg    . . .        h - +2 chain mail {rF+}
rPois   +            (no helmet)
rElec   .            (no cloak)
rCorr   .            (no gloves)
SInv    .            j - +1 pair of boots
Will    .....        (no amulet) Stlth
                     l - ring "Hytrosem" {rF+ rC+ EV+5}
HPRegen 0.31/turn    g - ring of fire
MPRegen 0.11/turn

%: no passive effects
@: on berserk cooldown, slowed, very slow
A: no striking features
a: Renounce Religion, Berserk, Trog's Hand, Brothers in Arms


You were on level 8 of the Dungeon.
You worshipped Trog.
Trog was greatly pleased with you.
You visited 1 branch of the dungeon, and saw 8 of its levels.
You also visited: Sewer.

You collected 265 gold pieces.

Inventory:

Hand Weapons
 a - a +1 hand axe
 d - a +6 war axe (weapon)
Missiles
 i - a throwing net
 t - 2 silver javelins (quivered)
Armour
 f - the +0 tower shield of the Countless Wonders (worn) {rPois Will- Dex+5}
   (You found it on level 2 of the Dungeon)

   Dex:       It affects your dexterity (+5).
   rPois:     It protects you from poison.
   Will:      It decreases your willpower.
 h - a +2 chain mail of fire resistance (worn)
 j - a +1 pair of boots (worn)
Jewellery
 e - a ring of magical power
 g - a ring of fire (right hand)
 l - the ring "Hytrosem" (left hand) {rF+ rC+ EV+5}
   (You found it on level 3 of the Dungeon)

   [ring of evasion]

   EV:        It affects your evasion (+5).
   rF:        It protects you from fire.
   rC:        It protects you from cold.
Scrolls
 k - a scroll of silence {unknown}
 m - 3 scrolls of teleportation
 n - a scroll of magic mapping
 s - 2 scrolls of enchant armour {unknown}
 w - a scroll of acquirement {unknown}
Potions
 b - a potion of resistance {unknown}
 c - a potion of degeneration
 o - a potion of haste {unknown}
 p - a potion of invisibility {unknown}
 r - a potion of brilliance {unknown}
 u - 2 potions of lignification {unknown}
 v - 2 potions of heal wounds {unknown}
 x - a potion of attraction {unknown}


   Skills:
 * Level 5.1 Fighting
 * Level 7.3 Axes
 * Level 3.5 Throwing
 * Level 4.5 Armour
 * Level 4.5 Dodging
 * Level 4.1 Stealth
 * Level 5.5 Shields


You had 8 spell levels left.
You didn't know any spells.
Your spell library was empty.

Dungeon Overview and Level Annotations

Branches:
Dungeon (8/15)             Temple (0/1) D:4           Sewer (visited)
   Lair: D:8-11

Altars:
Qazlal
Ru
Xom

Portals:
Bailey: D:8

Annotations:
D:4 Okkudo's ghost, amateur HOMo
D:8 Grum


Message History

You are exhausted.
You feel yourself slow down. You block Grum's attack.
The water moccasin bites you!
You hit the water moccasin.
The water moccasin is heavily wounded.
You block the water moccasin's attack. Grum hits you but does no damage.
The water moccasin barely misses you.
Grum hits you from afar with a -2 spear of freezing!
Grum freezes you. You block the water moccasin's attack.
You barely miss the water moccasin.
The water moccasin is heavily wounded.
You block the water moccasin's attack. You block Grum's attack.
The water moccasin bites you. You block Grum's attack.
The water moccasin bites you but does no damage.
You miss the water moccasin.
The water moccasin is heavily wounded.
The water moccasin closely misses you.
Grum hits you from afar with a -2 spear of freezing.
Grum freezes you. You block the water moccasin's attack.
You block Grum's attack.
You miss the water moccasin.
The water moccasin is heavily wounded.
The water moccasin barely misses you. You block the water moccasin's attack.
Grum hits you but does no damage.
The water moccasin bites you but does no damage.
Grum hits you from afar with a -2 spear of freezing.
Grum freezes you.
* * * LOW HITPOINT WARNING * * *
You block the water moccasin's attack.
It was a potion of degeneration.
There was something very wrong with that liquid.
You feel weakened.
You feel dopey.
You feel clumsy.
Grum hits you from afar with a -2 spear of freezing!
* * * LOW HITPOINT WARNING * * *
Grum freezes you.
* * * LOW HITPOINT WARNING * * *
You block the water moccasin's attack.
Grum sniffs the air and quickly glances around.
Grum hits you from afar with a -2 spear of freezing!
You die...

##....8....#
#.......?..#
...8.[...8.#
#.........#
#.........#
#8...∩...8##
#..........# #
#.....@....#
#.#.8...S.8..###
.......g†.......
##....8†....###
####.<........
#..#.#.#.##
#.....###.#
#.####.# .# ..
..#


You could see Grum and a water moccasin.

Vanquished Creatures
  Maggie (D:6)
  2 ice beasts (D:5)
  A sky beast (D:6)
  3 wolves (D:8)
  A centaur (D:5)
  A phantom (D:6)
  A kobold brigand (D:6)
  2 bullfrogs (Sewer)
  8 wights (D:6)
  2 howler monkeys
  5 hounds
  2 jellies
  3 orc priests
  2 iguanas (D:5)
  A sleepcap (D:5)
  2 orc wizards
  3 gnolls (D:6)
  14 adders
  9 river rats
  2 shadow imps
  A white imp (D:6)
  2 ufetubi
  2 worms (D:4)
  2 dart slugs
  15 orcs
  17 ball pythons
  5 bats
  10 endoplasms
  4 giant cockroaches
  2 goblins
  5 hobgoblins
  4 jackals (D:1)
  15 kobolds
  4 quokkas
  6 frilled lizards
  25 rats
184 creatures vanquished.

Vanquished Creatures (collateral kills)
  2 wights (D:6)
  An adder (D:6)
3 creatures vanquished.

Grand Total: 187 creatures vanquished

Notes
Turn   | Place    | Note
-------+----------+-------------------------------------------
     0 | D:1      | DoomSlayer the Human Berserker began the quest for the Orb.
     0 | D:1      | Reached XP level 1. HP: 18/18 MP: 1/1
   158 | D:1      | Reached XP level 2. HP: 21/24 MP: 2/2
   218 | D:2      | Found a shimmering altar of Xom.
   403 | D:2      | Identified the +0 tower shield of the Countless Wonders
                  | {rPois Will- Dex+5}
   578 | D:2      | Reached XP level 3. HP: 21/29 MP: 3/3
   896 | D:3      | Identified the ring "Hytrosem" {rF+ rC+ EV+5}
  1126 | D:3      | Reached XP level 4. HP: 35/35 MP: 4/4
  1138 | D:3      | Reached skill level 1 in Shields
  1233 | D:4      | Reached XP level 5. HP: 41/41 MP: 5/5
  1250 | D:4      | Found a glowing drain.
  1270 | D:4      | Reached ** piety under Trog
  1278 | Sewer    | Entered a sewer
  1344 | Sewer    | Reached skill level 1 in Stealth
  1353 | Sewer    | Reached skill level 1 in Throwing
  1510 | Sewer    | Reached skill level 4 in Axes
  1571 | Sewer    | Reached XP level 6. HP: 46/47 MP: 6/6
  1781 | Sewer    | Reached XP level 7. HP: 31/53 MP: 7/7
  1785 | Sewer    | Reached *** piety under Trog
  2016 | D:5      | Entered Level 5 of the Dungeon
  2041 | D:5      | Reached skill level 5 in Axes
  2246 | D:5      | Reached XP level 8. HP: 55/60 MP: 8/8
  2757 | D:4      | Reached skill level 6 in Axes
  2793 | D:4      | Found a sacrificial altar of Ru.
  2799 | D:4      | Found a staircase to the Ecumenical Temple.
  2867 | D:4      | Found a runed translucent door.
  2882 | D:4      | Noticed Okkudo's ghost (amateur HOMo)
  3741 | D:3      | Found a faded altar of an unknown god.
  4272 | D:1      | Reached **** piety under Trog
  5068 | D:6      | Reached XP level 9. HP: 46/66 MP: 9/9
  5177 | D:6      | Found a stormy altar of Qazlal.
  5188 | D:6      | Noticed Maggie
  5191 | D:6      | Reached skill level 5 in Shields
  5246 | D:6      | Killed Maggie
  5247 | D:6      | Reached skill level 7 in Axes
  5406 | D:6      | Reached skill level 5 in Fighting
  5471 | D:8      | Noticed Grum
  5471 | D:8      | Found a flagged portal.
  5488 | D:8      | HP: 3/68 [Grum/-2 spear of freezing (4)]
  5488 | D:8      | Slain by Grum

Illustrated notes

Levels and vault maps discovered:
D:1:      lightli_arrival_quake, layout_loops_ring,
          ebering_dispersal_statue_hall, minmay_tromino_i2
D:2:      layout_basic, basic_altar, hangedman_decor_points
D:3:      layout_loops_cross, shapermc_ecumenical_altar_mp_vishouse
D:4:      layout_basic, mainiacjoe_overflow_surrounded_room,
          minmay_temple_entry_proselytizer, ebering_ghost_reflecting_pool,
          cheibrodos_sewer_entry_sluice, serial_curves, eino_curves_01,
          eino_curves_02
D:5:      minmay_spotlight, layout_gridville
D:6:      layout_rooms, nicolae_qazlal_beasts_of_the_sky,
          nemelex_diamond_rough_becter, kennysheep_nub, uniq_maggie
D:7:      layout_rooms, mainiacjoe_overflow_brackets,
          fedhas_altar_decomposition, uniq_menkaure
D:8:      nicolae_cairo_tiling_large_dashed, layout_loops_ring,
          riverfiend_overflow_shadow_ancestor, enter_bailey_6,
          kennysheep_cross_bottleneck, uniq_grum, uniq_pikel, uniq_joseph

Skill      XL: |  1  2  3  4  5  6  7  8  9 |
---------------+----------------------------+-----
Shields        | 1 2 3 4 5 |  5.5
Stealth        | 1 2 3 4 |  4.1
Throwing       | 1 2 3 |  3.5
Axes           | 4 5 6 7 |  7.3
Dodging        | 3 4 |  4.5
Fighting       | 4 5 |  5.1
Armour         | 3 4 |  4.5

Action                     |  1- 3 |  4- 6 |  7- 9 || total
---------------------------+-------+-------+-------++-------
  Melee: Hand axe          |    94 |   209 |   288 ||   591
         War axe           |       |       |    35 ||    35
  Throw: Dart              |    14 |     7 |    22 ||    43
         Javelin           |       |       |     5 ||     5
 Invoke: Berserk           |       |     3 |     8 ||    11
         Brothers in Arms  |       |       |     1 ||     1
    Use: Scroll            |     5 |     3 |     6 ||    14
         Potion            |       |     1 |     5 ||     6
 Armour: Animal skin       |    11 |       |       ||    11
         Chain mail        |    31 |   164 |   127 ||   322
  Dodge: Dodged            |    45 |   172 |   155 ||   372
  Block: Tower shield      |    41 |   255 |   309 ||   605
